Cogmind - Beta 12 @@@ ROGUE MODE // 2023.09.13 @ 03:00:18 Player: Ivan Result: Escaped! Performance ------------- Evolutions (9) 4500 Regions Visited (15) 3000 Robots Destroyed (118) 590 Value Destroyed (2993) 2993 Prototype IDs (36) 720 Alien Tech Used (0) 0 Bonus (3868) 3868 TOTAL SCORE: 15671 Bonus ------- High Alert Combat Kills 33 Follower Combat Kills 35 Entered DSFs 500 Aligned with FarCom 300 Win 3000 Cogmind --------- Core Integrity 1428/1600 Matter 282/300 Energy 194/200 System Corruption 1% Temperature Cool (15) Movement Flying (26) Location To Epsilon Eridani Parts ------- > --- POWER (2) -------- Micro Nuclear Core Micro Antimatter Reactor > --- PROPULSION (8) --- VTOL Module Improved Flight Unit Improved VTOL Module Impulse Thruster Q-thruster Cooled Impulse Thruster > --- UTILITY (13) ----- Structural Scanner Machine Analyzer Hacking Suite Hacking Suite Hacking Suite Hacking Suite Improved Hacking Suite System Shield System Shield Advanced System Shield > --- WEAPON (2) ------- (None) > --- INVENTORY (5) ---- Micro Nuclear Core Quantum Reactor Fusion Bomb Launcher Peak State ------------ > --- POWER ------------ Micro Nuclear Core Micro Antimatter Reactor > --- PROPULSION ------- VTOL Module VTOL Module Improved Flight Unit Improved VTOL Module Impulse Thruster Q-thruster Cooled Impulse Thruster > --- UTILITY ---------- Machine Analyzer Advanced Transmission Jammer Improved Propulsion Shielding Hardened Light Armor Plating Hacking Suite Hacking Suite Hacking Suite Hacking Suite Improved Hacking Suite System Shield System Shield System Shield Advanced System Shield > --- WEAPON ----------- Scythe > --- INVENTORY -------- Micro Nuclear Core Micro Antimatter Reactor Quantum Reactor Light Quantum Reactor Fusion Bomb Launcher [Rating: 100] Favorites ----------- Power Heavy Ion Engine Engine Heavy Ion Engine Power Core Light Nuclear Core Reactor Micro Antimatter Reactor Propulsion Improved Aluminum Leg Treads Light Treads Leg Improved Aluminum Leg Wheel Wheel Flight Unit Improved Flight Unit Utility Light Armor Plating Device Structural Scanner Storage Huge Storage Unit Processor Targeting Computer Hackware Hacking Suite Protection Light Armor Plating Weapon Light Assault Rifle Energy Gun Heavy Particle Gun Energy Cannon Heavy Particle Cannon Ballistic Gun Light Assault Rifle Ballistic Cannon Bore Cannon Launcher Improved Grenade Launcher Impact Weapon Hammer Slashing Weapon Scythe Build | -11 -10 -10 -9 -9 -9 -8 -8 -7 -6 -5 -4 -4 -3 -2 -1 ------- Run | Jun Mat Min Mat Min Exi Min Mat Fac Fac Fac Fac DSF Res Res Acc Slots Evolved 18 | . . . 2 . . . 2 2 2 2 2 . 2 2 2 Power 1 | . . . . . . . . . . . . . 1 . . Propulsion 6 | . . . 1 . . . 1 . . 1 . . 1 1 1 Utility 11 | . . . 1 . . . 1 2 2 1 2 . . 1 1 Weapon . | . . . . . . . . . . . . . . . . Parts Attached 129 | 6 11 3 15 . 1 6 47 19 2 1 2 1 4 1 10 Power 16 | 1 2 . 2 . . 1 4 2 . . . . 1 . 3 Engine 8 | 1 2 . 2 . . 1 2 . . . . . . . . Core 5 | . . . . . . . 2 2 . . . . . . 1 Reactor 3 | . . . . . . . . . . . . . 1 . 2 Propulsion 35 | 2 5 2 4 . 1 3 8 4 . . . . 2 . 4 Treads 2 | 2 . . . . . . . . . . . . . . . Leg 11 | . 2 2 4 . . 3 . . . . . . . . . Wheel 4 | . 3 . . . 1 . . . . . . . . . . Hover . | . . . . . . . . . . . . . . . . Flight 18 | . . . . . . . 8 4 . . . . 2 . 4 Utility 45 | 1 2 . 4 . . 1 16 10 2 1 2 1 1 1 3 Device 7 | . . . . . . . 3 2 . . . . . . 2 Storage 5 | 1 1 . 2 . . . 1 . . . . . . . . Processor 4 | . 1 . . . . . 1 1 . 1 . . . . . Hackware 11 | . . . . . . . 1 4 2 . 2 . . 1 1 Protection 18 | . . . 2 . . 1 10 3 . . . 1 1 . . Artifact . | . . . . . . . . . . . . . . . . Weapon 33 | 2 2 1 5 . . 1 19 3 . . . . . . . Energy Gun 4 | . . . . . . . 4 . . . . . . . . Energy Cannon 2 | . . . . . . . 2 . . . . . . . . Ballistic Gun 18 | 2 2 . 4 . . 1 9 . . . . . . . . Ballistic Cannon 1 | . . 1 . . . . . . . . . . . . . Launcher 3 | . . . . . . . 2 1 . . . . . . . Special Weapon . | . . . . . . . . . . . . . . . . Impact Weapon 2 | . . . 1 . . . 1 . . . . . . . . Slashing Weapon 3 | . . . . . . . 1 2 . . . . . . . Piercing Weapon . | . . . . . . . . . . . . . . . . Special Melee Weapon . | . . . . . . . . . . . . . . . . Unidentified Prototypes 4 | . 1 . . . . . 1 . . . . . . . 2 Parts Lost 45 | . 5 . 5 . . 3 16 5 . . . 1 . 1 9 Power 4 | . . . . . . . 2 . . . . . . . 2 Propulsion 13 | . 3 . 2 . . 1 3 1 . . . . . . 3 Utility 17 | . . . 1 . . 1 7 3 . . . 1 . 1 3 Weapon 11 | . 2 . 2 . . 1 4 1 . . . . . . 1 Highest Loss Streak 8 | . 4 . 1 . . 3 6 2 . . . 1 . 1 8 To Critical Strikes . | . . . . . . . . . . . . . . . . Average Slot Usage (%) 82 | . 95 99 89 88 88 94 69 81 93 88 . 89 88 90 88 Engine 7 | . 14 14 10 11 11 11 5 . . . . . . . . Core 2 | . . . . . . . 3 7 6 5 . 5 4 4 3 Leg 10 | . 10 28 31 22 22 31 1 . . . . . . . . Wheel 1 | . 11 . . . . . . . . . . . . . . Flight 9 | . . . . . . . 11 25 26 23 . 21 24 26 27 Device 1 | . . . . . . . . 4 6 5 . 5 4 3 3 Storage 7 | . 14 14 11 11 11 11 7 . . . . . . . . Processor 7 | . 10 14 11 11 11 11 5 2 . 5 . 5 4 4 4 Hackware 5 | . . . . . . . . 14 33 29 . 36 33 34 34 Protection 11 | . . . 3 11 11 7 18 14 13 11 . 10 9 8 7 Ballistic Gun 13 | . 27 17 17 22 22 21 9 . . . . . . . . Slashing Weapon 2 | . . . . . . . 3 9 6 5 . 5 4 4 4 Naked Turns . | . . . . . . . . . . . . . . . . Heaviest Build 103 | 12 32 39 95 95 95 94 103 20 13 13 13 15 24 24 26 Greatest Support 50 | 40 40 20 39 26 26 36 50 20 18 18 18 18 26 26 47 Greatest Overweight (x) 32 | . 3 1 3 3 9 3 32 1 . . . . . . . Average Overweight (x) . | . . 1 1 3 3 2 1 . . . . . . . . Largest Inventory Capacity 25 | 8 15 15 25 25 25 25 25 5 5 5 5 5 5 5 5 Average Capacity 16 | 6 11 15 19 25 25 25 18 5 5 5 5 5 5 5 5 Most Carried 25 | 4 10 10 19 18 22 21 25 5 3 5 4 3 4 4 5 Average Carried 12 | 2 7 9 14 18 19 19 15 4 2 3 3 2 2 3 4 Final Capacity 25 | 8 15 15 25 25 25 25 5 5 5 5 5 5 5 5 5 Final Carried 21 | 4 8 10 18 18 21 19 5 4 3 5 3 2 4 4 3 Class Distribution -------------------- 74% | Mutant 5% | Hacker-Sprinter 5% | Scavenger-Mutant 4% | Wizard-Sprinter 3% | Wizard-Scout Dominant Class ---------------- Mutant | -10/Materials Mutant | -10/Mines Mutant | -9/Materials Mutant | -9/Mines Mutant | -9/Exiles Scavenger-Mutant | -8/Mines Mutant | -8/Materials Hacker-Sprinter | -7/Factory Hacker-Sprinter | -6/Factory Hacker-Scout | -5/Factory Hacker-Scout | -4/Factory Wizard-Scout | -4/DSF Wizard-Scout | -3/Research Wizard-Scout | -2/Research Wizard-Sprinter | -1/Access Resources | -11 -10 -10 -9 -9 -9 -8 -8 -7 -6 -5 -4 -4 -3 -2 -1 ----------- Run | Jun Mat Min Mat Min Exi Min Mat Fac Fac Fac Fac DSF Res Res Acc Matter Collected 2527 | 188 384 88 448 13 . 147 875 187 50 . . 9 . . 138 Remotely . | . . . . . . . . . . . . . . . . Salvage Created 4281 | . 589 262 741 . . 166 1502 733 50 27 . . . . 211 Parts 268 | . 33 23 57 . . 7 89 47 2 4 . . . . 6 Haulers Intercepted 17 | . 2 . 4 . . . 6 3 . . . . . . 2 Recyclers Shooed 3 | . . 1 . . . . 2 . . . . . . . . Parts Field Recycled . | . . . . . . . . . . . . . . . . Retrieved Matter . | . . . . . . . . . . . . . . . . Parts Self-Destructed . | . . . . . . . . . . . . . . . . Prevented . | . . . . . . . . . . . . . . . . Kills | -11 -10 -10 -9 -9 -9 -8 -8 -7 -6 -5 -4 -4 -3 -2 -1 ------- Run | Jun Mat Min Mat Min Exi Min Mat Fac Fac Fac Fac DSF Res Res Acc Combat Hostiles Destroyed 67 | . 10 4 16 . . 3 28 6 . . . . . . . Melee 5 | . . . . . . . . 5 . . . . . . . Guns 56 | . 10 2 15 . . 3 26 . . . . . . . . Cannons 3 | . . 2 1 . . . . . . . . . . . . AOE 3 | . . . . . . . 2 1 . . . . . . . Classes Destroyed 12 | . 4 2 3 . . . 2 1 . . . . . . . Worker 2 | . . . . . . . 1 1 . . . . . . . Builder 15 | . . 1 2 . . . 5 6 . . . . . . 1 Hauler 17 | . 2 . 4 . . . 6 3 . . . . . . 2 Recycler 3 | . . 1 . . . . . 2 . . . . . . . Mechanic 2 | . 1 . . . . . . . 1 . . . . . . Operator 3 | . . . . . . . 1 1 . 1 . . . . . Watcher 9 | . 3 . . . . . 3 3 . . . . . . . Swarmer 17 | . . . 7 . . . 6 4 . . . . . . . Grunt 30 | . 10 4 2 . . 3 11 . . . . . . . . Duelist 4 | . . . 2 . . . 2 . . . . . . . . Sentry 15 | . . . 5 . . . 9 1 . . . . . . . Programmer 1 | . . . . . . . . 1 . . . . . . . Best Kill Streak 6 | . 4 2 4 . . 3 6 4 2 1 . . . . 1 Combat Bots Only 5 | . 2 2 4 . . 3 5 3 . . . . . . . Max Kills in Single Turn 3 | . 1 1 2 . . 1 1 3 1 1 . . . . 1 Gunslinging 1 | . . . 1 . . . . . . . . . . . . Exploded 1 | . . . . . . . 1 1 . . . . . . . Melee 1 | . . . . . . . . 1 . . . . . . . Uniques/NPCs Destroyed . | . . . . . . . . . . . . . . . . Combat | -11 -10 -10 -9 -9 -9 -8 -8 -7 -6 -5 -4 -4 -3 -2 -1 -------- Run | Jun Mat Min Mat Min Exi Min Mat Fac Fac Fac Fac DSF Res Res Acc Damage Taken 7034 | . 814 128 1048 . . 414 2759 785 . 52 . 83 28 276 647 Core 1239 | . 162 26 161 . . 131 387 114 . 14 . . . 72 172 Absorbed by Shields . | . . . . . . . . . . . . . . . . Redirected to Shielding 151 | . . . . . . . . 35 . 6 . . . 55 55 Core Remaining (%) 76 | 100 . 24 . . . 27 29 83 100 98 . 100 100 95 89 Volleys Fired 337 | . 79 10 78 . . 13 155 2 . . . . . . . Largest 2 | . 2 2 2 . . 2 2 1 . . . . . . . Hottest 110 | . 40 77 77 . . 43 110 36 . . . . . . . Shots Fired 604 | . 156 21 128 . . 26 270 3 . . . . . . . Gun 570 | . 156 16 115 . . 26 257 . . . . . . . . Cannon 27 | . . 5 13 . . . 9 . . . . . . . . Launcher 7 | . . . . . . . 4 3 . . . . . . . Special . | . . . . . . . . . . . . . . . . Kinetic 574 | . 156 21 128 . . 26 243 . . . . . . . . Thermal 23 | . . . . . . . 23 . . . . . . . . Explosive 7 | . . . . . . . 4 3 . . . . . . . Electromagnetic . | . . . . . . . . . . . . . . . . Robot Hit Streak 21 | . 9 12 17 . . 7 21 . . . . . . . . Robot Miss Streak 5 | . 5 2 4 . . 2 5 . . . . . . . . Penetration Max 1 | . . . 1 . . . . . . . . . . . . Secondary Targets 3 | . 1 1 1 . . . . . . . . . . . . Max Gunslinging Chain 1 | . 1 1 1 . . . . . . . . . . . . Shots Hit Robots 485 | . 95 17 93 . . 20 204 38 5 3 . . 1 . 9 Core Hits 219 | . 42 9 35 . . 12 94 21 1 1 . . . . 4 Critical Kills 6 | . 1 3 2 . . . . . . . . . . . . Critical Parts Destroyed 5 | . 2 . 3 . . . . . . . . . . . . Critical Strikes 13 | . 3 3 5 . . . . 1 . . . . . . 1 Destroy 11 | . 3 3 5 . . . . . . . . . . . . Sever 2 | . . . . . . . . 1 . . . . . . 1 Melee Attacks 198 | . . . . . . . 9 99 10 11 . 2 9 10 48 Impact . | . . . . . . . . . . . . . . . . Slashing 198 | . . . . . . . 9 99 10 11 . 2 9 10 48 Piercing . | . . . . . . . . . . . . . . . . Sneak Attacks 25 | . . . . . . . 8 11 3 . . . . . 3 Combat Hostiles . | . . . . . . . . . . . . . . . . Follow-up Attacks . | . . . . . . . . . . . . . . . . Damage Inflicted 8794 | . 971 223 1342 15 . 190 3157 2001 290 146 . . 44 . 415 Guns 4643 | . 929 151 1074 . . 190 2299 . . . . . . . . Cannons 410 | . . 70 259 . . . 81 . . . . . . . . Explosions 473 | . . . . . . . 170 303 . . . . . . . Melee 3124 | . . . . . . . 531 1698 290 146 . . 44 . 415 Ramming 144 | . 42 2 9 15 . . 76 . . . . . . . . Kinetic 4880 | . 929 221 1333 . . 190 2207 . . . . . . . . Thermal 476 | . . . . . . . 173 303 . . . . . . . Explosive 170 | . . . . . . . 170 . . . . . . . . Electromagnetic . | . . . . . . . . . . . . . . . . Impact . | . . . . . . . . . . . . . . . . Slashing 3124 | . . . . . . . 531 1698 290 146 . . 44 . 415 Piercing . | . . . . . . . . . . . . . . . . Highest Corruption 4 | . 4 4 . . . . . 1 . . . . . 1 1 Average Corruption 2 | . 3 4 . . . . . 1 . . . . . 1 1 Corruption Purged . | . . . . . . . . . . . . . . . . Corruption Blocked . | . . . . . . . . . . . . . . . . Effects 37 | . 20 9 . . . . . 8 . . . . . . . Message Errors 9 | . 6 2 . . . . . 1 . . . . . . . Matter Fused 5 | . 3 1 . . . . . 1 . . . . . . . Heat Flow Errors 6 | . . 3 . . . . . 3 . . . . . . . Energy Discharges 6 | . 3 2 . . . . . 1 . . . . . . . Parts Rejected 1 | . 1 . . . . . . . . . . . . . . Parts Fused 1 | . 1 . . . . . . . . . . . . . . Data Loss (minor) 3 | . 3 . . . . . . . . . . . . . . Data Loss (major) 2 | . 1 . . . . . . 1 . . . . . . . Misfires 2 | . . 1 . . . . . 1 . . . . . . . Alerts 2 | . 2 . . . . . . . . . . . . . . Overload Shots . | . . . . . . . . . . . . . . . . Overflow Damage 504 | . . . . . . . 106 246 101 29 . . . . 22 Projectiles . | . . . . . . . . . . . . . . . . Explosions 76 | . . . . . . . . 76 . . . . . . . Melee 428 | . . . . . . . 106 170 101 29 . . . . 22 Knockbacks 1 | . 1 . . . . . . . . . . . . . . Impact 1 | . 1 . . . . . . . . . . . . . . Kinetic . | . . . . . . . . . . . . . . . . Secondary . | . . . . . . . . . . . . . . . . Self-Inflicted Damage 249 | . 16 . . . . . 61 172 . . . . . . . Shots 4 | . . . . . . . 1 3 . . . . . . . Rammed 12 | . 6 . . . . . 6 . . . . . . . . Targets Rammed 20 | . 7 2 2 2 . . 7 . . . . . . . . Kicked 8 | . 1 2 2 2 . . 1 . . . . . . . . Crushed . | . . . . . . . . . . . . . . . . Highest Temperature 408 | . 37 255 54 . . 43 408 284 . . . . 4 2 96 Average Temperature 58 | . 9 90 12 . . 20 87 73 . . . . 4 2 27 Received Heat Transfer 1878 | . 447 72 240 . . 243 777 27 . 18 . . 9 9 36 Effects 5 | . . . . . . . 5 . . . . . . . . Shutdowns 1 | . . . . . . . 1 . . . . . . . . Interference 3 | . . . . . . . 3 . . . . . . . . Damage (minor) 1 | . . . . . . . 1 . . . . . . . . Siege Activations . | . . . . . . . . . . . . . . . . Robots Corrupted . | . . . . . . . . . . . . . . . . Combat Hostiles . | . . . . . . . . . . . . . . . . Parts Fried . | . . . . . . . . . . . . . . . . Impact Corruptions 1 | . . . . . . . 1 . . . . . . . . Robots Melted . | . . . . . . . . . . . . . . . . Combat Hostiles . | . . . . . . . . . . . . . . . . Parts Melted 2 | . . . . . . . 1 1 . . . . . . . Heat Transferred 596 | . . . . . . . 296 300 . . . . . . . Parts Sabotaged . | . . . . . . . . . . . . . . . . Parts Stolen . | . . . . . . . . . . . . . . . . Parts Stripped . | . . . . . . . . . . . . . . . . Power Chain Reactions . | . . . . . . . . . . . . . . . . Missiles Intercepted . | . . . . . . . . . . . . . . . . Alert | -11 -10 -10 -9 -9 -9 -8 -8 -7 -6 -5 -4 -4 -3 -2 -1 ------- Run | Jun Mat Min Mat Min Exi Min Mat Fac Fac Fac Fac DSF Res Res Acc Peak Influence 449 | . 177 131 141 27 . 60 449 405 205 204 99 74 92 318 378 Initial 198 | . . 2 . 27 . . 23 66 198 100 99 69 41 51 190 Average 138 | . 59 96 57 8 . 54 243 112 203 152 99 67 65 108 273 Maximum Alert Level 2 | . . . . . . . 2 2 1 1 . . . 1 1 Low Security (%) 74 | 100 100 100 100 100 . 100 43 93 14 96 100 100 100 79 26 Level 1 22 | . . . . . . . 47 6 85 3 . . . 20 73 Level 2 3 | . . . . . . . 8 . . . . . . . . Level 3 . | . . . . . . . . . . . . . . . . Level 4 . | . . . . . . . . . . . . . . . . Level 5 . | . . . . . . . . . . . . . . . . High Security . | . . . . . . . . . . . . . . . . Max Security . | . . . . . . . . . . . . . . . . Squads Dispatched 20 | . 2 . 1 . . . 4 8 . . . 1 . . 4 Investigation 7 | . 1 . 1 . . . 1 4 . . . . . . . Extermination 3 | . . . . . . . . 2 . . . . . . 1 Reinforcement 8 | . 1 . . . . . 1 2 . . . 1 . . 3 Assault . | . . . . . . . . . . . . . . . . Garrison 2 | . . . . . . . 2 . . . . . . . . Intercept . | . . . . . . . . . . . . . . . . Searches Triggered . | . . . . . . . . . . . . . . . . Construction Impeded 2 | . . . . . . . . 1 . . . . . . 1 Haulers Reinforced . | . . . . . . . . . . . . . . . . Active Scanning Responses . | . . . . . . . . . . . . . . . . Cargo Convoy Interrupts . | . . . . . . . . . . . . . . . . Stealth | -11 -10 -10 -9 -9 -9 -8 -8 -7 -6 -5 -4 -4 -3 -2 -1 --------- Run | Jun Mat Min Mat Min Exi Min Mat Fac Fac Fac Fac DSF Res Res Acc Distress Signals 13 | . 1 . . . . . 4 1 . 1 . . . 5 1 Communications Jammed . | . . . . . . . . . . . . . . . . Distress Signals . | . . . . . . . . . . . . . . . . Times Spotted 162 | . 19 4 24 . . 3 39 27 1 7 . 2 2 15 19 Peak Tracking Total 18 | . 3 2 5 . . 3 6 6 . 10 . 1 2 18 9 Tactical Retreats 18 | . . . . . . . 1 8 . . . 1 . 4 4 Traps | -11 -10 -10 -9 -9 -9 -8 -8 -7 -6 -5 -4 -4 -3 -2 -1 ------- Run | Jun Mat Min Mat Min Exi Min Mat Fac Fac Fac Fac DSF Res Res Acc Traps Triggered 11 | . 4 . 1 . . . 3 3 . . . . . . . Indirectly . | . . . . . . . . . . . . . . . . Trap Hack Attempts . | . . . . . . . . . . . . . . . . Triggered . | . . . . . . . . . . . . . . . . Disarmed . | . . . . . . . . . . . . . . . . Reprogrammed . | . . . . . . . . . . . . . . . . Reused . | . . . . . . . . . . . . . . . . Traps Extracted . | . . . . . . . . . . . . . . . . Installed . | . . . . . . . . . . . . . . . . Triggered . | . . . . . . . . . . . . . . . . Machines | -11 -10 -10 -9 -9 -9 -8 -8 -7 -6 -5 -4 -4 -3 -2 -1 ---------- Run | Jun Mat Min Mat Min Exi Min Mat Fac Fac Fac Fac DSF Res Res Acc Machines Disabled 12 | . 2 . 1 . . . 2 6 . 1 . . . . . Max in Single Turn 6 | . 1 . 1 . . . 1 6 . 1 . . . . . Garrison Access 1 | . . . . . . . 1 . . . . . . . . Machines Repaired . | . . . . . . . . . . . . . . . . Machines Sabotaged . | . . . . . . . . . . . . . . . . Overloaded Fab Kills . | . . . . . . . . . . . . . . . . Hacking | -11 -10 -10 -9 -9 -9 -8 -8 -7 -6 -5 -4 -4 -3 -2 -1 --------- Run | Jun Mat Min Mat Min Exi Min Mat Fac Fac Fac Fac DSF Res Res Acc Machines Accessed 49 | . 8 . 7 . 2 . 6 9 2 2 1 . 2 2 8 Terminals 34 | . 7 . 6 . . . 3 2 2 2 1 . 1 2 8 Fabricators 4 | . . . . . . . . 4 . . . . . . . Repair Stations 1 | . . . . . . . . 1 . . . . . . . Recycling Units 6 | . 1 . 1 . . . 1 2 . . . . 1 . . Scanalyzers 1 | . . . . . . . 1 . . . . . . . . Garrison Access 1 | . . . . . . . 1 . . . . . . . . Total Hacks 144 | . 20 . 18 . 10 . 19 15 4 13 1 . 9 9 26 Successful 71 | . 9 . 7 . 10 . 9 8 2 6 1 . 6 4 9 Failed 72 | . 10 . 11 . . . 10 7 2 7 . . 3 5 17 Catastrophic 20 | . 1 . 4 . . . 4 3 . . . . . 1 7 Database Lockouts 1 | . 1 . . . . . . . . . . . . . . Manual 70 | . 9 . 9 . 1 . 8 2 2 10 . . 7 4 18 Terminals 105 | . 19 . 15 . . . 8 2 4 13 1 . 8 9 26 Fabricators 8 | . . . . . . . . 8 . . . . . . . Repair Stations 3 | . . . . . . . . 3 . . . . . . . Recycling Units 12 | . 1 . 3 . . . 5 2 . . . . 1 . . Scanalyzers 4 | . . . . . . . 4 . . . . . . . . Garrison Access 2 | . . . . . . . 2 . . . . . . . . Terminal Hacks 53 | . 8 . 6 . 10 . 2 . 2 6 1 . 5 4 9 Record 14 | . 5 . . . 9 . . . . . . . . . . Part Schematic 2 | . . . . . . . 1 . . . . . 1 . . Robot Analysis 2 | . 1 . 1 . . . . . . . . . . . . Prototype ID Bank 4 | . 1 . 2 . . . . . 1 . . . . . . Open Door 1 | . . . . . . . . . . . . . . . 1 Open DSF 2 | . . . . . . . . . . . 1 . . 1 . Level Access Points 5 | . . . . . . . . . 1 1 . . 1 1 1 Branch Access Points 2 | . 1 . 1 . . . . . . . . . . . . Machine Index 3 | . . . . . . . . . . 1 . . 1 1 . Terminal Index 4 | . . . . . . . 1 . . 1 . . 1 . 1 Alert Level 1 | . . . . . . . . . . . . . . . 1 Unreport Threat 2 | . . . 1 . . . . . . . . . . . 1 Maintenance Status 4 | . . . . . . . . . . 1 . . 1 1 1 Patrol Status 2 | . . . . . . . . . . 1 . . . . 1 Transport Status 1 | . . . . . . . . . . . . . . . 1 Hauler Manifests 2 | . . . 1 . . . . . . 1 . . . . . Zone Layout 1 | . . . . . . . . . . . . . . . 1 EX-Prototype ID Bank 1 | . . . . . 1 . . . . . . . . . . Fabricator Hacks 5 | . . . . . . . . 5 . . . . . . . Load Schematic 3 | . . . . . . . . 3 . . . . . . . Build 2 | . . . . . . . . 2 . . . . . . . Repair Station Hacks 1 | . . . . . . . . 1 . . . . . . . Scan Component 1 | . . . . . . . . 1 . . . . . . . Recycling Unit Hacks 7 | . 1 . 1 . . . 2 2 . . . . 1 . . Report Inventory 7 | . 1 . 1 . . . 2 2 . . . . 1 . . Scanalyzer 4 | . . . . . . . 4 . . . . . . . . Insert Component 2 | . . . . . . . 2 . . . . . . . . Analyze 2 | . . . . . . . 2 . . . . . . . . Garrison Access Hacks 1 | . . . . . . . 1 . . . . . . . . Seal Access 1 | . . . . . . . 1 . . . . . . . . Unauthorized Hacks . | . . . . . . . . . . . . . . . . Terminals . | . . . . . . . . . . . . . . . . Fabricators . | . . . . . . . . . . . . . . . . Repair Stations . | . . . . . . . . . . . . . . . . Recycling Units . | . . . . . . . . . . . . . . . . Scanalyzers . | . . . . . . . . . . . . . . . . Garrison Access . | . . . . . . . . . . . . . . . . Data Cores Recovered . | . . . . . . . . . . . . . . . . Used . | . . . . . . . . . . . . . . . . Hacking Detections 34 | . 6 . 6 . . . 6 7 . 2 . . . 1 6 Full Trace Events 6 | . 1 . 1 . . . 1 3 . . . . . . . Feedback Events . | . . . . . . . . . . . . . . . . Feedback Blocked . | . . . . . . . . . . . . . . . . Robot Schematics Acquired . | . . . . . . . . . . . . . . . . Robots Built . | . . . . . . . . . . . . . . . . Authchips . | . . . . . . . . . . . . . . . . Time . | . . . . . . . . . . . . . . . . Total Robot Build Rating . | . . . . . . . . . . . . . . . . Part Schematics Acquired 4 | . . . . . . . 3 . . . . . 1 . . Parts Built 2 | . . . . . . . . 2 . . . . . . . Authchips . | . . . . . . . . . . . . . . . . Time 109 | . . . . . . . . 109 . . . . . . . Total Part Build Rating 6 | . . . . . . . . 6 . . . . . . . Parts Repaired . | . . . . . . . . . . . . . . . . Time . | . . . . . . . . . . . . . . . . Parts Recycled . | . . . . . . . . . . . . . . . . Recycled Matter . | . . . . . . . . . . . . . . . . Retrieved Matter . | . . . . . . . . . . . . . . . . Retrieved Components . | . . . . . . . . . . . . . . . . Parts Scanalyzed 2 | . . . . . . . 2 . . . . . . . . Part Schematics Acquired 2 | . . . . . . . 2 . . . . . . . . Parts Damaged . | . . . . . . . . . . . . . . . . Bothacking | -11 -10 -10 -9 -9 -9 -8 -8 -7 -6 -5 -4 -4 -3 -2 -1 ------------ Run | Jun Mat Min Mat Min Exi Min Mat Fac Fac Fac Fac DSF Res Res Acc Used RIF Installer . | . . . . . . . . . . . . . . . . Robots Hacked . | . . . . . . . . . . . . . . . . Non-combat . | . . . . . . . . . . . . . . . . Combat . | . . . . . . . . . . . . . . . . Robot Hacks Applied . | . . . . . . . . . . . . . . . . Relay Couplers Released . | . . . . . . . . . . . . . . . . Fabnet Peak Effective % . | . . . . . . . . . . . . . . . . Robots Rewired . | . . . . . . . . . . . . . . . . Allies Hacked . | . . . . . . . . . . . . . . . . Hacks Repelled . | . . . . . . . . . . . . . . . . Allies | -11 -10 -10 -9 -9 -9 -8 -8 -7 -6 -5 -4 -4 -3 -2 -1 -------- Run | Jun Mat Min Mat Min Exi Min Mat Fac Fac Fac Fac DSF Res Res Acc Total Allies 4 | . . . . 1 . . . 3 . . . . . . . Largest Group 3 | . . . . 1 . . . 3 . . . . . . . Highest-Rated Group 93 | . . . . 31 . . . 93 . . . . . . . Highest-Rated Ally 31 | . . . . 31 . . . 31 . . . . . . . Total Orders . | . . . . . . . . . . . . . . . . Ally Attacks 22 | . . . . . . . . 22 . . . . . . . Total Damage 352 | . . . . . . . . 352 . . . . . . . Kills 1 | . . . . . . . . 1 . . . . . . . Allies Corrupted . | . . . . . . . . . . . . . . . . Allies Melted . | . . . . . . . . . . . . . . . . Intel | -11 -10 -10 -9 -9 -9 -8 -8 -7 -6 -5 -4 -4 -3 -2 -1 ------- Run | Jun Mat Min Mat Min Exi Min Mat Fac Fac Fac Fac DSF Res Res Acc Robot Analysis Total 2 | . 1 . 1 . . . . . . . . . . . . Derelict Logs Recovered 3 | . . 2 . 1 . . . . . . . . . . . Drone Launches . | . . . . . . . . . . . . . . . . Drone Recoveries . | . . . . . . . . . . . . . . . . Exploration | -11 -10 -10 -9 -9 -9 -8 -8 -7 -6 -5 -4 -4 -3 -2 -1 ------------- Run | Jun Mat Min Mat Min Exi Min Mat Fac Fac Fac Fac DSF Res Res Acc Turns Passed 11517 | 61 1136 409 1393 1271 712 240 3752 1442 98 115 5 51 153 172 507 Spaces Moved 8963 | 35 692 194 576 384 216 76 1758 2466 259 305 9 165 425 322 1081 Core 7 | 6 . . . . . . 1 . . . . . . . . Treads 116 | 29 87 . . . . . . . . . . . . . . Legs 1670 | . 194 194 576 384 215 76 31 . . . . . . . . Wheels 412 | . 411 . . . 1 . . . . . . . . . . Hover . | . . . . . . . . . . . . . . . . Flight 6758 | . . . . . . . 1726 2466 259 305 9 165 425 322 1081 Fastest Speed 15 | 50 80 190 190 330 215 260 104 27 27 27 27 27 25 25 15 Average Speed 103 | 141 125 190 198 330 329 260 174 40 27 27 27 27 25 25 21 Slowest Speed 1650 | 160 330 190 330 330 330 330 1650 104 27 27 27 27 27 25 26 Overloaded Moves 56 | . . . . . . . . . . . . . . . 56 Propulsion Burnouts . | . . . . . . . . . . . . . . . . Robots Hopped 27 | . . . . . . . . 9 3 . . . . 6 9 Cave-ins Triggered . | . . . . . . . . . . . . . . . . Exploration Rate (%) 43 | 3 93 33 68 88 61 31 65 41 8 11 . 90 13 14 27 Regions Visited 15 Branch Regions 4 Pre-discovered Areas . | . . . . . . . . . . . . . . . . Known Exits Taken 7 | . 1 . 1 . . . . . 1 1 1 . 1 1 . Unknown Exits Taken 7 | 1 . 1 . 1 1 1 1 1 . . . . . . . Scrap Searched 1 | . . . . 1 . . . . . . . . . . . Spaces Dug 103 | . . . . . . . 6 54 2 7 . . 8 7 19 Terrain Destroyed 187 | . . 6 5 . . . 22 111 2 7 . . 8 7 19 Melee 78 | . . . . . . . 1 34 2 7 . . 8 7 19 Projectile 16 | . . 6 5 . . . 5 . . . . . . . . AOE 93 | . . . . . . . 16 77 . . . . . . . Terrain Rammed . | . . . . . . . . . . . . . . . . Walls Destroyed . | . . . . . . . . . . . . . . . . Machines Disabled . | . . . . . . . . . . . . . . . . Actions | -11 -10 -10 -9 -9 -9 -8 -8 -7 -6 -5 -4 -4 -3 -2 -1 --------- Run | Jun Mat Min Mat Min Exi Min Mat Fac Fac Fac Fac DSF Res Res Acc Total 10327 | 44 831 214 699 385 217 97 2200 2756 268 320 10 167 454 391 1274 Wait 528 | . 16 . 9 . . . 130 156 . 1 . . 13 64 139 Move 8895 | 34 691 193 575 383 215 75 1757 2448 252 304 8 164 424 310 1062 Hop 25 | . . . . . . . . 8 3 . . . . 5 9 Pick Up 101 | 4 17 2 13 . 1 . 43 11 1 3 . . 3 1 2 Fast Attach 52 | 6 4 3 7 . . 4 5 13 . . . . 3 . 7 Attach 59 | . 6 . 5 . 1 2 30 4 2 1 2 1 1 1 3 Detach 13 | . . 1 1 . . . 9 2 . . . . . . . Swap 19 | . 1 . 3 . . . 12 2 . . . . . . 1 Drop 85 | . 10 3 6 . . 3 43 16 . . . . 1 . 3 Fire 337 | . 79 10 78 . . 13 155 2 . . . . . . . Melee 193 | . . . . . . . 9 94 10 11 . 2 9 10 48 Ram 11 | . 5 . . . . . 6 . . . . . . . . Kick 8 | . 1 2 2 2 . . 1 . . . . . . . . Crush 1 | . 1 . . . . . . . . . . . . . . Escape Stasis . | . . . . . . . . . . . . . . . . Rewire . | . . . . . . . . . . . . . . . . Trap . | . . . . . . . . . . . . . . . . Miscellaneous . | . . . . . . . . . . . . . . . . Route ------- -11/Junkyard -10/Materials (discovered 5 exits: *Mat x3 / *Min x2) -10/Mines -9/Materials (discovered 2 exits: *Mat / *Min) -9/Mines (discovered 2 exits: *Mat / *Exi) -9/Exiles -8/Mines -8/Materials (discovered 2 exits: *Fac x2) -7/Factory (discovered 3 exits: *Fac / Sto / [*Low]) -6/Factory (discovered 5 exits: *Fac x4 / [*Low]) -5/Factory (discovered 4 exits: *Fac x4) -4/Factory -4/DSF -3/Research (discovered 3 exits: *Res x3) -2/Research (discovered 3 exits: *Acc x3) -1/Access To Epsilon Eridani History --------- Turn | Location | Event 11 | -11/Junkyard | Discovered new exit (range 15) 62 | -11/Junkyard | Entered Materials 215 | -10/Materials | Discovered new exit (range 8) 312 | -10/Materials | Build established: Mutant 383 | -10/Materials | Discovered new exit (range 11) 488 | -10/Materials | Discovered new exit (range 3) 489 | -10/Materials | Discovered new exit (range 14) 501 | -10/Materials | Identified exit to Mines 626 | -10/Materials | Discovered new exit (range 15) 696 | -10/Materials | Central database locked down 741 | -10/Materials | Core integrity fell below 50% 801 | -10/Materials | Lost 4 parts (2n2w) 1198 | -10/Materials | Entered Mines 1255 | -10/Mines | Met a Derelict bent on vengeance 1271 | -10/Mines | Found a hidden stash of uninstalled traps 1295 | -10/Mines | A weapon hastily lodged in a ceiling crevice suddenly fell to the ground 1511 | -10/Mines | Discovered new exit (range 9) 1531 | -10/Mines | Learned Materials stockpile data 1560 | -10/Mines | Learned Materials stockpile data 1607 | -10/Mines | Entered Materials 1607 | -9/Materials | Evolved 2 slots: Propulsion x1, Utility x1 1696 | -9/Materials | Identified exit to Mines 1869 | -9/Materials | Discovered new exit (range 16) 3000 | -9/Materials | Entered Mines 3357 | -9/Mines | Received a Mining Laser from a helpful Derelict 3502 | -9/Mines | Received a Rocket Launcher from a helpful Derelict 3627 | -9/Mines | Discovered new exit (range 8) 4254 | -9/Mines | Deemed a non-threat by the Exiles lab entrance 4258 | -9/Mines | Discovered new exit (range 5) 4271 | -9/Mines | Entered Exiles 4351 | -9/Exiles | Met 8R-AWN 4407 | -9/Exiles | Met EX-HEX 4506 | -9/Exiles | Met EX-BIN 4565 | -9/Exiles | Aligned with FarCom system 4568 | -9/Exiles | Given EX-Vault access code 4648 | -9/Exiles | Opened EX-Vault 4671 | -9/Exiles | Found Flying Fortress v7 4738 | -9/Exiles | Warned to stay clear of 0b10 Research branches 4830 | -9/Exiles | Met EX-DEC 4952 | -9/Exiles | Discovered new exit (range 10) 4983 | -9/Exiles | Left Exiles lab with Flying Fortress v7 4983 | -9/Exiles | Entered Mines 4994 | -8/Mines | Core integrity fell below 50% 5028 | -8/Mines | Lost 3 parts (1n1u1w) 5184 | -8/Mines | Discovered new exit (range 16) 5223 | -8/Mines | Entered Materials 5223 | -8/Materials | Evolved 2 slots: Propulsion x1, Utility x1 5321 | -8/Materials | Build established: Scavenger-Mutant 5352 | -8/Materials | Garrison activated, responded to threat 5424 | -8/Materials | Lost 6 parts (1p2n1u2w) 5674 | -8/Materials | Lost 3 parts (2u1w) 5680 | -8/Materials | Build established: Mutant 6118 | -8/Materials | Discovered new exit (range 5) 6634 | -8/Materials | Core integrity fell below 50% 7559 | -8/Materials | Discovered new exit (range 8) 7758 | -8/Materials | Lost 5 parts (1p1n2u1w) 8975 | -8/Materials | Entered Factory 8975 | -7/Factory | Evolved 2 slots: Utility x2 8976 | -7/Factory | Identified exit to Storage 9457 | -7/Factory | Allied Derelicts emerged from ambush trap array 9484 | -7/Factory | Discovered new exit (range 15) 9675 | -7/Factory | Fabricated Hacking Suite? 9724 | -7/Factory | Fabricated Hacking Suite? 9733 | -7/Factory | Discovered new exit (range 4) 10143 | -7/Factory | Build established: Hacker-Sprinter 10417 | -7/Factory | Entered another Factory area 10417 | -6/Factory | Evolved 2 slots: Utility x2 10440 | -6/Factory | Discovered new exit (range 11) 10479 | -6/Factory | Identified exit to Factory 10515 | -6/Factory | Entered another Factory area 10515 | -5/Factory | Evolved 2 slots: Propulsion x1, Utility x1 10577 | -5/Factory | Identified exit to Factory 10630 | -5/Factory | Entered another Factory area 10630 | -4/Factory | Evolved 2 slots: Utility x2 10635 | -4/Factory | Identified exit to DSF 10635 | -4/Factory | Entered DSF 10660 | -4/DSF | Additional patrols routed to DSF 10682 | -4/DSF | Discovered new exit (range 13) 10686 | -4/DSF | Entered Research 10686 | -3/Research | Evolved 2 slots: Power x1, Propulsion x1 10703 | -3/Research | Identified exit to Research 10788 | -3/Research | Found Fusion Bomb Launcher 10839 | -3/Research | Entered another Research area 10839 | -2/Research | Evolved 2 slots: Propulsion x1, Utility x1 10917 | -2/Research | Build established: Wizard-Scout 10937 | -2/Research | Identified exit to Access 11011 | -2/Research | Entered Access 11011 | -1/Access | Evolved 2 slots: Propulsion x1, Utility x1 11065 | -1/Access | Spotted B-99 Colossus 11290 | -1/Access | Build established: Wizard-Sprinter 11306 | -1/Access | Identified exit to Surface 11509 | -1/Access | Spotted B-99 Colossus 11518 | *** | Escaped! Last Messages --------------- reinforcements to area. 11485_ Mic. Antimatter Reactor destroyed. 11485_ System Shield destroyed. 11485_ Critical hit (Blast). 11485_ Knocked back. 11486_ Acquired Q-thruster. 11489_ Lgt. Quantum Reactor destroyed. 11489_ Knocked back. 11508_ >> Machine Analyzer network decryption results: 11508_ Fabricator x3 11510_ Q-thruster destroyed. 11510_ Penetrated by Slug. 11510_ Scythe destroyed. 11510_ Penetrated by Slug. 11510_ Slug penetrates Wall. 11511_ ALERT: Rogue bot located, Programmers report to Access Zone 3E. 11516_ Connecting with Terminal... >>Open(Door) Sealed Barrier opened. 11517_ The Access Shell folds into the floor. Map ----- +----------------------------------------------------+ | ?????????????????????????????????????????????????? | | ?????????????????????????????????????????????????? | | ?????????????????????????????????????????????????? | | ?????????????????????????????????????????????????? | | ?????????????????????????????????????????????????? | | ?????????????????????????????????????????????????? | | ?????????????????????????????????????????????????? | | ?????????????????????????????????????????????????? | | ?????????????????????????????????????????????????? | | ?????????????????????????????????????????????????? | | ?????????????????????????????????????????????????? | | ?????????????????????????????????????????????????? | | ?????????????????????????????????????????????????? | | ?????????????????????????????????????????????????? | | ?????????????????????BB????BB????????????????????? | | ?????????????????????BB????BB????????????????????? | | ?????????????????????????????????????????????????? | | ?????????????????????????????????????????????????? | | ?????????????????????????????????????????????????? | | ??????????????????##"????????"##?????????????????? | | ??????????????????##""""""""""##?????????????????? | | ??????????????????## ##?????????????????? | | ??????????????????## ##?????????????????? | | ??????????????????## ##?????????????????? | | ??????????????????## "" ##??????????h??????? | | ??????????????????## "@ ##?????????????????? | | ??????????????????## ##?????????????????? | | ??????????????????## ##?????????????????? | | ?????????????????### ###????????????????? | | ?????????????????### ###????????????????? | | ?????????????????## ##????????????????? | | ?????????????????###"" ###????????????????? | | ?????????????????###"" ###????????????????? | | ??????????????????##"" ##?????????????????? | | ??????????????????##T ##?????????????????? | | ?????########?????##"" ##?????????????????? | | ?????###############"" ###????????????????? | | ?????## #########"" ###????????????????? | | ?????## ??H????????? | | ?????## ???????????? | | ?????## ###########################???????????? | | ?????### ############################???????????? | | ?????### # ##????????????????????????? | | ####### # ] ? ##????????????????????????? | | ######## + """ ?????????????????????????????? | | !* ] # "Y ? ##????????????????????????? | | !! # """ ##????????????????????????? | | * % ##????????????????????????? | | # ##????????????????????????? | | # ##????????????????????????? | +----------------------------------------------------+ Best States ------------- Heat Dissipation 52 Energy Generation 29 Energy Capacity 280 Matter Stores 300 Matter Capacity 300 Sight Range 16 Terrain Scan Density 210 ECM Strength 1 Jamming Range 16 Armor Coverage 600 Propulsion Shielding 66 Evasion (%) 65 Targeting Accuracy 8 Recoil Reduction 2 Offensive Hacking 52 Defensive Hacking 44 Authchip Count 2 Item Schematics ----------------- Imp. VTOL Module | -8/Materials | Scanalyzed Hrd. Light Armor Plating | -8/Materials | Scanalyzed Hacking Suite | -8/Materials | Hacked Cld. VTOL Module | -3/Research | Hacked Robot Schematics ------------------ None Fabricated ------------ Hacking Suite | x1 | -7/Factory Hacking Suite | x1 | -7/Factory Alien Tech Used ----------------- None Achievements -------------- Maybe Next Time I'll Detach My Launcher Part-time Excavator Challenges ------------ None Game ------ Seed CarbideAluminumChronowheel Manual? 0 Play Time 02:54:09 Cumulative 17.4 hours Start 2023.09.11 @ 23:03:19 End 2023.09.13 @ 03:00:18 Sessions 13 Manual Loads 0 Difficulty Rogue Special Mode None Game No. 7 Rogue 6 Adventurer 1 Explorer 0 Win Type 0 Total 2 Types 2/0/0/0/0/0/0/0/0 Lore% 10 Gallery% 13 Achievement% 17 Wizard Run 0 Options --------- ASCII 0 Keyboard 0 Movement Numpad Keybinds 0 Fullscreen 2 Font 18/X11Bold Map View 76x50 Tactical HUD 1 Map Filters NONE Filters NONE Steam 1 RUN: 5801851a-748e-4b74-a3b9-4bbe95247eba